Match 44984364
Unlisted

Match 44984364
End
Engineer Squad
Selects Special Operations Battlegroup
Selects M29 Weasel Recon Vehicle
M29 Weasel Recon Vehicle
Construct Weapon Support Center
M1919 Machine Gun Team
M1919 Machine Gun Team
M1919 Machine Gun Team
Infantry Support Center
Engineer Squad
Selects Raiding Flares
Selects SSF Commando Squad
SSF Commando Squad
Raiding Flares
Advanced Logistics
Construct Medical Station
SSF Commando Squad
Selects Assault Operation
Assault Operation
SSF Commando Squad
Raiding Flares
Survival Training
Munitions Surplus
Demolitions Package
Assault Operation
Raiding Flares
Construct Tank Depot
Selects P-47 Anti-Infantry Loiter
P-47 Anti-Infantry Loiter
SSF Commando Squad
Raiding Flares
Improved M9 Bazooka Rockets
Raiding Flares
Construct Tank Depot
P-47 Anti-Infantry Loiter
M4A1 Sherman Medium Tank
Engineer Squad
Engineer Squad
Selects M4A1 Sherman Whizbang
M4A1 Sherman Medium Tank
P-47 Anti-Infantry Loiter
ConcernedApe
12azzmatazz
MoronPark-四海云水怒
0
0

Comments sign in to comment!

No comments posted yet!